 Dungeon Crawl Stone Soup version 0.24.1-14-gf8d2b509d9 (webtiles) character file.

Game seed: 8362441948152271402, levelgen mode: deterministic

224 Hugehornet the Cudgeler (level 6, -5/37 HPs)
             Began as a Gargoyle Fighter on May 24, 2020.
             Slain by Sigmund
             ... wielding a +2 scythe of protection
              (8 damage)
             ... on level 3 of the Dungeon.
             The game lasted 00:03:21 (2585 turns).

Hugehornet the Cudgeler (Gargoyle Fighter)          Turns: 2585, Time: 00:03:22

Health: -5/37      AC: 14    Str: 24    XL:     6   Next: 0%
Magic:  6/6        EV:  5    Int: 11    God:
Gold:   93         SH: 10    Dex:  9    Spells: 5/5 levels left

rFire    . . .     SeeInvis .   a - +0 flail
rCold    . . .     Gourm    .   c - +1 shield
rNeg     + . .     Faith    .   h - +0 chain mail
rPois    ∞         Spirit   .   (no helmet)
rElec    +         Reflect  .   (no cloak)
rCorr    .         Harm     .   i - +0 pair of gloves
MR       .....                  (no boots)
Stlth    ..........             (no amulet)
HPRegen  0.12/turn              l - ring of poison resistance
MPRegen  0.10/turn              (no ring)

@: mighty
A: negative energy resistance 1, electricity resistance, unbreathing,
petrification resistance, rot immunity, AC +4
a: no special abilities


You were on level 3 of the Dungeon.
You were very hungry.

You visited 1 branch of the dungeon, and saw 3 of its levels.

You collected 93 gold pieces.

Inventory:

Hand Weapons
 a - a +0 flail (weapon)
 s - a +0 war axe
Armour
 c - a +1 shield (worn)
 h - a +0 chain mail (worn)
 i - a +0 pair of gloves (worn)
Jewellery
 l - a ring of poison resistance (left hand)
 p - an uncursed amulet of magic regeneration {unknown}
Wands
 u - a wand of polymorph (5)
Scrolls
 g - 2 scrolls of teleportation {unknown}
 j - 2 scrolls of amnesia {unknown}
 k - a scroll of remove curse {unknown}
 n - a scroll of magic mapping
Potions
 b - a potion of agility {unknown}
 e - a potion of lignification {unknown}
 m - 2 potions of invisibility {unknown}
 o - a potion of berserk rage {unknown}
 q - a potion of heal wounds {unknown}
 r - a potion of curing {unknown}
 t - a potion of resistance {unknown}
Comestibles
 f - 4 rations


   Skills:
 - Level 3.2 Fighting
 + Level 6.0 Maces & Flails
 - Level 3.2 Armour
 - Level 3.2 Shields


You had 5 spell levels left.
You didn't know any spells.
Your spell library was empty.

Dungeon Overview and Level Annotations

Branches:
Dungeon (3/15)

Altars:
Okawaru
Sif Muna
Trog
Wu Jian

Annotations:
D:3 Sigmund


Innate Abilities, Weirdness & Mutations

You are resistant to torment.
Your stone body is resilient. (AC +4)
You are immune to poison.
You resist negative energy. (rN+)
You are resistant to electric shocks. (rElec)
You can survive without breathing.
You are immune to petrification.
You are immune to rotting.


Message History

You miss something. You block the frilled lizard's attack.
You block something's attack.
You thump something!
The frilled lizard bites you but does no damage.
You hit something.
You hear some strange, mumbled words.
A magic dart appears from out of thin air!
The magic dart hits you.
* * * LOW HITPOINT WARNING * * *
The frilled lizard bites you.
* * * LOW HITPOINT WARNING * * *
You feel very mighty all of a sudden. Something hits you but does no damage.
The frilled lizard bites you but does no damage.
You closely miss something. You block the frilled lizard's attack.
Something hits you.
* * * LOW HITPOINT WARNING * * *
You barely miss the frilled lizard. You block the frilled lizard's attack.
Something hits you!
You die...

#.#.#####8.....#,,,,***,*,*,*,*,,
#.#.#...###.)###,,,,,,*,<***,***,
#.#.#.###....._#**,,*,*,*,*****,*
#.....# ###..###**,,#.,,,,,***,**
#.#.### #_....#*,,,,.,,,*,*,*,**
#.#.### ###).###**,.####*,**,**
#.#...# #_.....# *.....,,,****
#.###.# ##8..8####..#****** #.#
#.# #...###@{..# #.# #.#
#.####)l...#
#.###.####.####.#...#
#...............#...#
..............#####.#
.####..........(#,,.# .#
########.#..#,*,# .# #......*,*
># ###.####,*


You could see a frilled lizard.

Vanquished Creatures
  A centaur (D:2)
  A hound (D:2)
  2 adders (D:2)
  2 oozes
  3 worms (D:2)
  3 dart slugs
  2 leopard geckos (D:3)
  2 orcs (D:3)
  7 bats
  A giant cockroach (D:1)
  6 goblins
  8 hobgoblins
  11 jackals (D:2)
  2 quokkas (D:3)
  2 ball pythons
  5 frilled lizards
  4 kobolds
  5 rats
67 creatures vanquished.

Notes
Turn   | Place    | Note
-------+----------+-------------------------------------------
     0 | D:1      | Hugehornet the Gargoyle Fighter began the quest for the
                  | Orb.
     0 | D:1      | Reached XP level 1. HP: 14/14 MP: 1/1
   123 | D:1      | Reached XP level 2. HP: 19/19 MP: 2/2
   217 | D:1      | Reached skill level 3 in Maces & Flails
   462 | D:1      | Reached XP level 3. HP: 23/23 MP: 3/3
   907 | D:2      | Reached skill level 4 in Maces & Flails
   988 | D:2      | Reached XP level 4. HP: 28/28 MP: 4/4
  1006 | D:2      | Found a faded altar of an unknown god.
  1356 | D:2      | Noticed a centaur
  1381 | D:2      | Killed a centaur
  1381 | D:2      | Reached skill level 5 in Maces & Flails
  1381 | D:2      | Reached XP level 5. HP: 8/32 MP: 5/5
  1809 | D:2      | Found a bloodstained altar of Trog.
  2353 | D:3      | Reached skill level 6 in Maces & Flails
  2514 | D:3      | Found a bloodstained altar of Trog.
  2521 | D:3      | Found a shimmering blue altar of Sif Muna.
  2528 | D:3      | Found an ornate altar of the Wu Jian Council.
  2529 | D:3      | Found an iron altar of Okawaru.
  2547 | D:3      | Noticed Sigmund
  2555 | D:3      | Reached XP level 6. HP: 27/37 MP: 6/6
  2585 | D:3      | Slain by Sigmund

Levels and vault maps discovered:
D:1:      mrwooster_arrival_arrow, layout_loops_ring, kennysheep_another_room,
          minivault_26
D:2:      layout_loops_corners, first_ration,
          chequers_ecumenical_altar_simple_redux, bloody_trog
D:3:      layout_loops_ring, grunt_temple_overflow_gold_and_silver, minitemple,
          uniq_sigmund

Skill      XL: |  1  2  3  4  5 |
---------------+----------------+-----
Maces & Flails | 3 4 5 6 |  6.0
Fighting       | |  3.2
Armour         | |  3.2
Shields        | |  3.2

Action                   |  1- 3 |  4- 6 || total
-------------------------+-------+-------++-------
Melee: Flail             |   154 |   197 ||   351
  Use: Scroll            |       |     2 ||     2
       Potion            |       |     1 ||     1
  Eat: Chunk             |     1 |     4 ||     5
Armor: Scale mail        |    16 |       ||    16
       Chain mail        |    93 |   132 ||   225
Dodge: Dodged            |    48 |    46 ||    94
Block: Shield            |   103 |   115 ||   218
